 Dungeon Crawl Stone Soup version 0.21.1-1-g345015f (webtiles) character file.

16445202 xccam the Conqueror (level 27, 179/179 HPs)
             Began as a Gargoyle Berserker on Feb 15, 2018.
             Was the Champion of the Shining One.
             Escaped with the Orb
             ... and 15 runes on Feb 18, 2018!
             The game lasted 06:46:10 (95299 turns).

xccam the Conqueror (Gargoyle Berserker)           Turns: 95299, Time: 06:46:11

Health: 179/179    AC: 52    Str: 34    XL:     27
Magic:  40/40      EV: 31    Int:  9    God:    the Shining One [******]
Gold:   10737      SH: 38    Dex: 19    Spells: 37/43 levels left

rFire    + + +     SeeInvis .   A - +9 sacred scourge (holy)
rCold    + + +     Gourm    .   R - +5 large shield {rC+}
rNeg     + + +     Faith    .   Q - +0 gold dragon scales
rPois    ∞         Spirit   .   S - +0 hat of Wisdom {rElec rN+}
rElec    +         Reflect  +   W - +1 cloak of Starlight {rElec rC+ EV+4 Stlth--}
rCorr    .         Harm     .   i - +1 pair of gloves of Repulsion {rElec rC+ Dex+3}
MR       ++++.     Rnd*Tele +   F - +0 pair of boots of the Maze {rPois Str+5}
Stlth    ..........             M - amulet of the Scarab {Reflect MR+ SH+5}
HPRegen  0.39/turn              p - ring of Tocumin {rElec rF+ rN+ Str-2 Dex+5}
MPRegen  0.27/turn              n - ring "Hyoteceh" {rF+ Stlth+}

@: flying, glowing
A: big wings, beak, hooves 1, iridescent scales 1, blurry vision 2, deformed
body, frail 1, magic resistance 1, mutation resistance 1, negative energy
resistance 1, electricity resistance, teleportitis 1, unbreathing, petrification
resistance, no potion heal 3, rot immunity, AC +20
0: Orb of Zot
}: 15/15 runes: decaying, slimy, silver, golden, iron, obsidian, icy, bone,
abyssal, demonic, glowing, magical, fiery, dark, gossamer
a: Stop Flying, Divine Shield, Cleansing Flame, Summon Divine Warrior, Renounce
Religion


You escaped.
You worshipped the Shining One.
The Shining One was exalted by your worship.
You were not hungry.

You visited 17 branches of the dungeon, and saw 89 of its levels.
You visited Pandemonium 1 time, and saw 19 of its levels.
You visited the Abyss 4 times.
You also visited: Trove and Ice Cave.

You collected 15321 gold pieces.
You spent 4584 gold pieces at shops.

Inventory:

Hand Weapons
 A - a +9 sacred scourge of holy wrath (weapon)
 C - the +8 great mace "Puareck" {freeze, Str+3 Int+2}
   (Trog gifted it to you on level 12 of the Dungeon)

   It has been specially enchanted to freeze those struck by it, causing extra
   injury to most foes and up to half again as much damage against particularly
   susceptible opponents.
   It can also slow down cold-blooded creatures.
   It affects your strength (+3).
   It affects your intelligence (+2).
Armour
 i - the +1 pair of gloves of Repulsion (worn) {rElec rC+ Dex+3}
   (You found it on level 2 of the Abyss)

   It affects your dexterity (+3).
   It protects you from cold.
   It insulates you from electricity.
 x - the +5 plate armour "Itanarut" {rElec MR+ Dex-5}
   (You found it on level 7 of Cocytus)

   It affects your dexterity (-5).
   It insulates you from electricity.
   It affects your resistance to hostile enchantments.
 F - the +0 pair of boots of the Maze (worn) {rPois Str+5}
   (You found it in a treasure trove)

   It affects your strength (+5).
   It protects you from poison.
 H - a +2 crystal plate armour
 Q - +0 gold dragon scales (worn)
 R - a +5 large shield of cold resistance (worn)
 S - the +0 hat of Wisdom (worn) {rElec rN+}
   (You found it in an ice cave)

   It insulates you from electricity.
   It protects you from negative energy.
 W - the +1 cloak of Starlight (worn) {rElec rC+ EV+4 Stlth--}
   (You found it in a treasure trove)

   It affects your evasion (+4).
   It protects you from cold.
   It insulates you from electricity.
   It makes you much less stealthy.
Jewellery
 k - an uncursed amulet of regeneration
 n - the ring "Hyoteceh" (right hand) {rF+ Stlth+}
   (You took it off a fire giant on level 2 of the Depths)

   [ring of protection from fire]

   It protects you from fire.
   It makes you more stealthy.
 p - the ring of Tocumin (left hand) {rElec rF+ rN+ Str-2 Dex+5}
   (You found it on level 2 of the Swamp)

   [ring of protection from fire]

   It affects your strength (-2).
   It affects your dexterity (+5).
   It protects you from fire.
   It insulates you from electricity.
   It protects you from negative energy.
 q - the ring of Sloth {rCorr rElec MR+}
   (You found it on level 5 of the Pits of Slime)

   [ring of resist corrosion]

   It insulates you from electricity.
   It affects your resistance to hostile enchantments.
 r - a +2 ring of slaying
 s - the ring of Atack {MR+ Str+2 Dex+4}
   (You found it on level 5 of the Pits of Slime)

   [ring of protection from magic]

   It affects your strength (+2).
   It affects your dexterity (+4).
   It affects your resistance to hostile enchantments.
 E - the ring "Edair" {rPois MR+ Int+3 Dex+4 Stlth+}
   (You found it on level 4 of the Vaults)

   [ring of stealth]

   It affects your intelligence (+3).
   It affects your dexterity (+4).
   It protects you from poison.
   It affects your resistance to hostile enchantments.
   It makes you more stealthy.
 G - an uncursed ring of protection from fire
 M - the amulet of the Scarab (around neck) {Reflect MR+ SH+5}
   (You took it off a vampire knight on level 2 of the Depths)

   [amulet of reflection]

   It shields you and reflects attacks.
   It affects your resistance to hostile enchantments.
   It affects your SH (+5).
 U - an uncursed ring of fire
Wands
 f - a wand of disintegration (37)
 l - a wand of digging (58)
 I - a wand of acid (20)
 J - a wand of enslavement (17)
 K - a wand of flame (22)
 P - a wand of paralysis (25)
 Z - a wand of iceblast (46)
Scrolls
 a - 6 scrolls of enchant weapon
 b - 8 scrolls of blinking
 h - 2 scrolls of acquirement
 m - 13 scrolls of identify
 o - 44 scrolls of teleportation
 t - 3 scrolls of amnesia
 w - 5 scrolls of fog
 y - 6 scrolls of holy word
 L - 40 scrolls of remove curse
 N - 2 scrolls of summoning
 V - 6 scrolls of fear
 X - a scroll of magic mapping
 Y - 3 scrolls of silence
Potions
 d - 4 potions of cancellation
 e - 13 potions of invisibility
 g - 19 potions of curing
 j - 2 potions of agility
 u - 9 potions of might
 v - a potion of magic
 z - 3 potions of mutation
 B - 4 potions of resistance
 D - 2 potions of berserk rage
 O - a potion of haste
 T - 13 potions of heal wounds
Comestibles
 c - 28 rations


   Skills:
 O Level 27 Fighting
 - Level 18.1 Maces & Flails
 - Level 8.8 Throwing
 O Level 27 Armour
 O Level 27 Dodging
 + Level 25.1 Shields
 - Level 8.9 Spellcasting
 - Level 19.6 Summonings
 - Level 19.9 Translocations
 O Level 27 Invocations
 - Level 1.6 Evocations


You had 37 spell levels left.
You knew the following spells:

 Your Spells              Type           Power        Failure   Level  Hunger
a - Aura of Abjuration    Summ           #####.....   1%          5    ######.
b - Apportation           Tloc           #####.       1%          1    None


Dungeon Overview and Level Annotations

Branches:
Dungeon (15/15)            Temple (0/1) D:5            Lair (6/6) D:9
  Swamp (4/4) Lair:3       Spider (4/4) Lair:3        Slime (5/5) Lair:6
    Orc (2/2) D:11            Elf (3/3) Orc:2        Vaults (5/5) D:14
  Crypt (3/3) Vaults:3       Tomb (3/3) Crypt:3      Depths (5/5) D:15
   Hell (1/1)                 Dis (7/7) Hell            Geh (7/7) Hell
    Coc (7/7) Hell            Tar (7/7) Hell            Zot (5/5) Depths:5

Altars:
Ashenzari
Cheibriados
Dithmenos
Fedhas
Gozag
Kikubaaqudgha
Makhleb
Okawaru
Qazlal
Ru
Sif Muna
Trog
Vehumet
Xom
Yredelemnul
The Shining One
Beogh
Jiyva

Shops:
D:7 [   D:8 }   D:12 *   D:14 *   Orc:2 ??(}   Elf:3 }}=   Vaults:1 %
Vaults:5 (   Depths:1 *[[

Portals:
Hell: Depths:1 Depths:2 Depths:3 Depths:4
Abyss: Depths:1 Depths:4
Pandemonium: Depths:3 Depths:4
Ziggurat: Depths:2

Annotations:
D:3 2 transporters
D:9 Prince Ribbit


Innate Abilities, Weirdness & Mutations

You are resistant to torment.
Your stone body is resilient. (AC +20)
You are immune to poison.
Your large and strong wings let you fly indefinitely.
You resist negative energy. (rN+)
You are resistant to electric shocks. (rElec)
You can survive without breathing.
You are immune to petrification.
You are immune to rotting.
You have a beak for a mouth.
You have large cloven feet.
You are partially covered in iridescent scales. (AC +2)
Scrolls take you longer to read.
Armour fits poorly on your strangely shaped body.
You are frail. (-10% HP)
You are resistant to hostile enchantments. (MR+)
You are somewhat resistant to further mutation.
You are occasionally teleported next to monsters.
Potions cannot restore your health.


Message History

There is an open door here.
You feel a little less mighty now.
There is an open door here.
You see here a club.
You feel a little less agile now.
You see here 2 stones.
There is an open door here.
There is an open door here.
An orange demon comes into view.
The orange demon screeches!
You block the orange demon's attack. You block the orange demon's attack.
There is a staircase leading out of the dungeon here.
You block the orange demon's attack. The orange demon completely misses you.
You punish the orange demon, causing immense pain!!!
The orange demon convulses!!!
You kill the orange demon!
The Shining One accepts your kill.
There is a staircase leading out of the dungeon here.
You have escaped!

...# #.# #####.######..........
...###.#####.........############
.......##...#########...##
...#####.####≈§§≈≈≈§####.## ####
#.## #≈§§..§§# ##.# ##.#
#.....§.# #.##
#.#########'#########.# ###
#.#..#...........#..#.# ..#
#.'..+.....@.....'..'.# #### #.#
#.#..#...........#..#.# #... #.#
#.#########'#########.# #... #.#
##.# #....§..# #.#####.. #.# #.##
#≈§§..§≈# ##.#.....# #.#
##.####§≈§§≈≈≈####.##...... #.#
##...####+####...######### ..#
####.........####.....# ###
#####.########...†.#


There were no monsters in sight!

Vanquished Creatures
  Cerebov (Pan)
  Asmodeus (Geh:7)
  Antaeus (Coc:7)
  the Royal Jelly (Slime:5)
  Ereshkigal (Tar:7)
  Gloorx Vloq (Pan)
  Lom Lobon (Pan)
  Mnoleg (Pan)
  Dispater (Dis:7)
  4 ancient liches
  Khufu (Tomb:3)
  5 orbs of fire
  Mara (Swamp:3)
  A juggernaut (Abyss:3)
  27 greater mummies
  6 pandemonium lords (Pan)
  Sojobo (Crypt:2)
  Boris (twice) (Depths:5 Tomb:3)
  29 shard shrikes
  9 Killer Klowns
  Bai Suzhen (Swamp:3)
  Margery (Crypt:2)
  A caustic shrike (shapeshifter) (Depths:2)
  A curse toe (Zot:3)
  Geryon (Hell)
  Nikola (Swamp:3)
  15 golden dragons
  19 Brimstone Fiends
  15 bone dragons
  7 doom hounds
  12 liches
  An electric golem (Zot:5)
  33 Tzitzimimeh
  11 iron giants
  16 Ice Fiends
  25 Orb Guardians (Zot:5)
  15 tentacled monstrosities
  14 Hell Sentinels
  6 titans
  13 quicksilver dragons
  3 deep elf master archers (Elf:3)
  12 death cobs
  24 acid blobs
  2 deep elf blademasters
  25 ancient champions
  8 eldritch tentacles
  13 sphinxes
  13 tentacled starspawn
  14 Executioners
  15 shadow dragons
  15 storm dragons
  2 thorn hunters
  The ghost of halftheisland the Impaler, a journeyman DrBe of Trog (D:15)
  3 warmongers (Pan)
  4 draconian monks
  10 tengu reavers
  4 revenants
  Donald (Orc:2)
  12 frost giants
  9 fire giants
  5 iron dragons
  5 blood saints (Pan)
  18 azure jellies
  4 corrupters (Pan)
  Louise (Elf:3)
  Aizul (Elf:2)
  7 ghost moths
  6 deep elf sorcerers
  30 balrugs
  9 vault wardens
  5 draconian scorchers
  2 draconian knights
  13 cacodemons
  4 emperor scorpions
  6 draconian stormcallers
  10 ghouls
  3 angels
  6 draconian shifters
  5 curse skulls
  91 reapers
  4 deep elf elementalists
  3 spriggan defenders
  27 war gargoyles
  8 draconian annihilators
  13 ironheart preservers
  29 stone giants
  4 entropy weavers
  2 ophanim (Abyss:3)
  21 very ugly things
  5 green draconians
  An apis (Pan)
  6 elemental wellsprings
  5 bennus
  6 black suns (Pan)
  3 deep elf demonologists
  15 black draconians
  9 yellow draconians
  24 vampire knights
  12 purple draconians
  10 deep elf annihilators
  7 lorocyprocas
  8 spark wasps
  7 white draconians
  A dire elephant (Lair:6)
  7 eidola
  15 red draconians
  12 green deaths
  9 quicksilver dragon zombies
  Josephine (Swamp:1)
  21 mummy priests
  11 fire dragons
  7 death oozes
  10 ettins
  24 blizzard demons
  13 deep elf death magi
  21 jiangshi
  17 yaktaur captains
  8 deep elf high priests
  A spectral kraken (Tar:7)
  Harold (D:10)
  23 ice dragons
  The ghost of HedoNNN the Cleaver, a journeyman HOMo of Beogh (Lair:2)
  25 vault guards
  9 rakshasas
  5 kraken zombies
  Fannar (D:12)
  4 great orbs of eyes
  15 hydras
  4 ghost crabs
  7 quicksilver dragon skeletons
  11 spriggan air magi
  A juggernaut simulacrum (Depths:2)
  8 monstrous demonspawn
  9 centaur warriors
  2 catoblepae
  44 two-headed ogres
  Erica (D:8)
  A merfolk avatar (Lair:6)
  6 hell beasts
  34 dancing weapons
  5 death knights
  A queen ant (Lair:6)
  16 ogre magi
  14 titan zombies
  4 tengu warriors
  13 alligators
  21 death scarabs
  21 hell hogs
  8 deep troll shamans
  6 deep troll earth magi
  6 spriggan berserkers
  15 vampire magi
  5 orc high priests
  10 thrashing horrors
  14 iron golems
  5 storm dragon zombies
  24 deep elf knights
  The ghost of ceb the Cleaver, a novice HOFi of Beogh (D:8)
  8 wretched stars
  43 soul eaters
  12 titan skeletons
  202 skeletal warriors
  35 sun demons
  9 shadow wraiths
  18 iron trolls
  4 spatial maelstroms
  A fire crab (Lair:2)
  A spark wasp zombie (Crypt:2)
  A fire crab (shapeshifter) (Depths:2)
  A sea snake (shapeshifter) (Depths:3)
  58 hell knights
  24 sixfirhies
  A death drake (Tar:7)
  A quicksilver dragon simulacrum (Coc:2)
  5 unseen horrors
  3 cherubim
  31 deep trolls
  14 flayed ghosts
  8 storm dragon skeletons
  4 infernal demonspawn (Pan)
  10 torturous demonspawn
  13 wizards
  4 spriggan druids
  3 ghost moth zombies
  2 swamp dragons
  A sea snake (Lair:6)
  28 shadow demons
  6 golden dragon zombies
  10 gelid demonspawn
  23 anaconda zombies
  9 glowing orange brains
  17 deep elf archers
  9 ironbrand convokers
  36 phantasmal warriors
  14 shadow dragon zombies
  A lindwurm (shapeshifter) (Depths:2)
  20 orc knights
  13 wolf spider zombies
  13 iron dragon zombies
  27 necromancers
  Pikel (D:7)
  17 orb spiders
  7 anaconda skeletons
  4 golden dragon skeletons
  82 deep elf magi
  A mana viper (shapeshifter) (Depths:1)
  32 wolf spiders
  6 frost giant zombies
  A manticore (shapeshifter) (Vaults:5)
  A manticore (D:14)
  A worldbinder (Abyss:2)
  5 shadow dragon skeletons
  A tengu skeleton (Vaults:2)
  11 fire giant zombies
  15 stone giant zombies
  23 cyclopes
  7 orc sorcerers
  A sphinx skeleton (Vaults:2)
  56 ugly things
  27 moths of wrath
  A salamander (shapeshifter) (Vaults:1)
  8 elephants (Lair:6)
  A cyclops (shapeshifter) (Vaults:3)
  3 shock serpent zombies
  17 frost giant skeletons
  8 stone giant skeletons
  2 salamanders
  4 shining eyes
  3 black mambas
  8 vault sentinels
  7 dire elephant zombies
  10 fire giant skeletons
  55 rust devils
  An eye of devastation (shapeshifter) (Vaults:5)
  A black mamba (shapeshifter) (Vaults:1)
  13 spectral swamp worms (Tar:7)
  6 iron dragon skeletons
  5 ice statues
  30 smoke demons
  19 molten gargoyles
  5 torpor snails
  An eye of devastation (Pan)
  17 spiny frogs
  6 apocalypse crabs
  A grey draconian zombie (Crypt:1)
  2 gargoyles
  An emperor scorpion zombie (Dis:7)
  18 orange demons
  A titan simulacrum (Vaults:5)
  A storm dragon simulacrum (Hell)
  A purple draconian zombie (Crypt:2)
  3 catoblepas zombies
  4 dire elephant skeletons
  31 yaktaurs
  A sea snake zombie (Crypt:3)
  5 rime drakes
  A komodo dragon (shapeshifter) (Vaults:1)
  34 hellions
  19 hellwings
  67 tormentors
  4 anaconda simulacra
  51 freezing wraiths
  12 efreet
  5 ancient zymes
  10 komodo dragons
  2 spriggan skeletons
  A tengu conjurer (Depths:1)
  21 demonic crawlers
  80 ice devils
  44 guardian mummies
  A queen bee (shapeshifter) (Depths:2)
  A silent spectre (Tar:7)
  A minotaur zombie (Geh:2)
  32 polar bears
  53 red devils
  30 hydra zombies
  6 trolls
  27 jumping spiders
  A jumping spider (shapeshifter) (Depths:2)
  5 tyrant leeches
  2 shadow dragon simulacra
  25 hornets
  3 harpy zombies
  14 hydra skeletons
  A raiju (shapeshifter) (Elf:3)
  2 dream sheep (D:9)
  8 ice dragon zombies
  26 raiju
  101 slime creatures
  8 blink frogs
  18 alligator zombies
  7 fire dragon zombies
  A guardian serpent zombie (Crypt:2)
  4 harpy skeletons
  13 ettin zombies
  8 bog bodies
  3 hippogriffs
  18 ynoxinuls
  Sigmund (D:5)
  19 tarantellas
  67 redbacks
  9 air elementals
  157 flying skulls
  8 ettin skeletons
  11 spriggans
  5 fire dragon skeletons
  35 shadows
  17 ushabtiu
  5 ice dragon skeletons
  A dire elephant simulacrum (Coc:3)
  24 water elementals
  59 wraiths
  7 alligator skeletons
  4 wyverns
  16 humans (D:14)
  3 black mamba zombies
  8 fire bats
  46 yaks
  7 golden eyes
  7 swamp worm simulacra (Swamp:4)
  A vampire (D:15)
  A hog (shapeshifter) (Depths:2)
  40 fire elementals
  4 black mamba skeletons
  20 chaos spawn
  A steam dragon (D:13)
  20 neqoxecs
  13 vampire mosquitoes
  2 elf skeletons
  15 hungry ghosts
  21 swamp worms
  8 spatial vortices
  A merfolk zombie (Geh:6)
  7 wargs
  59 large abominations
  2 harpy simulacra
  21 soldier ants
  17 insubstantial wisps
  26 spiny frog zombies
  19 hydra simulacra
  29 small abominations
  Duvessa (D:5)
  A torturous demonspawn skeleton (Crypt:1)
  A floating eye (shapeshifter) (Vaults:5)
  89 hell hounds
  18 water moccasins
  A monstrous demonspawn skeleton (Crypt:1)
  An ogre skeleton (Vaults:1)
  An infernal demonspawn skeleton (Crypt:1)
  4 porcupines
  An ettin simulacrum (Vaults:2)
  2 floating eyes
  7 swamp drakes
  7 spiny frog skeletons
  A hornet zombie (Crypt:3)
  40 orc warriors
  9 sky beasts
  A slave (D:7)
  3 black bears
  8 swamp dragon zombies
  7 eyes of draining
  33 ice beasts
  13 phantoms
  10 snapping turtle zombies
  4 manticore zombies
  A swamp dragon skeleton (Geh:7)
  An ice dragon simulacrum (Coc:6)
  54 ogres
  4 boggarts
  A black mamba simulacrum (Hell)
  32 necrophages
  23 wolves
  3 snapping turtle skeletons
  18 centaurs
  12 crocodiles
  5 manticore skeletons
  4 big kobolds
  A salamander skeleton (Crypt:1)
  23 bullfrogs
  2 spiny frog simulacra (Hell)
  A yaktaur skeleton (Crypt:1)
  A deep troll simulacrum (Vaults:5)
  2 elf simulacra
  6 earth elementals
  2 wyvern zombies
  Dowan (D:5)
  A wyvern skeleton (D:10)
  A warg zombie (Crypt:3)
  A water moccasin skeleton (D:5)
  2 scorpions
  A cyclops skeleton (Crypt:2)
  A raiju zombie (Crypt:3)
  A yak zombie (Crypt:2)
  A queen bee zombie (Crypt:1)
  10 killer bees
  A human simulacrum (Vaults:2)
  A warg skeleton (Crypt:3)
  83 wights
  2 troll zombies
  A snapping turtle simulacrum (Coc:7)
  2 spriggan zombies
  2 electric eels
  2 howler monkeys (D:11)
  23 crimson imps
  2 bullfrog zombies (D:12)
  4 centaur zombies
  47 starcursed masses
  6 quasits
  4 bullfrog skeletons
  2 human zombies
  3 jellies
  3 centaur skeletons
  3 hounds
  11 orc priests
  32 orc wizards
  49 iron imps
  Crazy Yiuf (D:5)
  6 iguanas
  24 worker ants
  A felid zombie (Crypt:3)
  An ogre zombie (Coc:2)
  A dwarf skeleton (Crypt:2)
  A naga skeleton (Pan)
  A hound zombie (D:8)
  3 hound skeletons
  62 mummies
  A howler monkey zombie (Crypt:3)
  4 gnolls (D:2)
  13 adders
  A steam dragon skeleton (Crypt:3)
  12 shadow imps
  38 white imps
  2 ufetubi
  5 oozes
  A swamp drake simulacrum (Swamp:4)
  2 adder skeletons (D:7)
  2 worms (D:4)
  A leopard gecko (D:3)
  65 orcs
  4 ball pythons
  5 giant cockroaches
  4 goblins
  10 hobgoblins
  2 jackals
  3 quokkas
  6 bats
  2 frilled lizards
  A goblin skeleton (Crypt:2)
  A jackal skeleton (D:6)
  A jackal zombie (D:9)
  15 kobolds
  2 kobold zombies
  A leopard gecko skeleton (D:4)
  A leopard gecko zombie (D:5)
  An orc skeleton (Tomb:3)
  2 orc zombies
  2 quokka skeletons
  3 rats
  A crawling corpse (Elf:3)
  A lurking horror (Abyss:4)
  3 plants
  A starspawn tentacle (Abyss:1)
  9 tentacles
5578 creatures vanquished.

Vanquished Creatures (collateral kills)
  the Serpent of Hell (Dis:7)
  A greater mummy (Tomb:2)
  A shard shrike (Coc:7)
  3 Brimstone Fiends
  A Tzitzimitl (Tar:7)
  A Hell Sentinel (Dis:7)
  An ancient champion (Dis:7)
  A quicksilver dragon (Dis:7)
  An eldritch tentacle (Pan)
  An iron dragon (Dis:7)
  A balrug (Pan)
  A cacodemon (Pan)
  A war gargoyle (Dis:7)
  A blizzard demon (Coc:7)
  A mummy priest (Tomb:2)
  An iron golem (Dis:7)
  2 storm dragon zombies
  A soul eater (Pan)
  A sixfirhy (Pan)
  An anaconda zombie (Coc:7)
  A large abomination (Pan)
  A shadow dragon zombie (Dis:7)
  A stone giant zombie (Dis:7)
  An iron dragon skeleton (Coc:7)
  A rust devil (Dis:7)
  A smoke demon (Pan)
  An orange demon (Pan)
  A hellion (Geh:7)
  A tormentor (Coc:7)
  3 ice devils (Coc:7)
  A hellwing (Pan)
  A yaktaur (Vaults:4)
  A hydra zombie (Dis:7)
  A wraith (Dis:7)
  3 neqoxecs (Pan)
  A snapping turtle zombie (Dis:7)
  An iron imp (Dis:7)
  A mummy (Tomb:2)
  A white imp (Coc:7)
46 creatures vanquished.

Vanquished Creatures (others)
  An ancient lich (Vaults:5)
  2 eldritch tentacles
  An ancient champion (Tomb:2)
  A revenant (Tomb:2)
  An azure jelly (Swamp:4)
  2 draconian knights
  A fire giant (Depths:5)
  2 frost giants
  An elemental wellspring (Coc:3)
  2 stone giants
  A bennu (Tomb:2)
  A yaktaur captain (Vaults:5)
  An ogre mage (Vaults:3)
  A hydra (Swamp:4)
  5 centaur warriors
  An alligator (Swamp:3)
  A titan skeleton (Geh:7)
  3 necromancers (Geh:1)
  2 deep elf archers (Elf:2)
  4 deep elf magi
  A cyclops (D:15)
  An ugly thing (D:13)
  A tormentor (Dis:7)
  An ice devil (Coc:4)
  13 yaktaurs
  2 hornets (Swamp:4)
  2 spriggans (Swamp:4)
  A shadow (Geh:6)
  A flying skull (Tar:7)
  3 yaks (Lair:6)
  A hell hound (Dis:5)
  A phantom (Dis:5)
  A black bear (shapeshifter) (Depths:4)
  An ogre (Depths:1)
  A sky beast (D:5)
  A black bear (Dis:3)
  A necrophage (Tar:5)
  A human (D:3)
  5 centaurs
  6 wights
  A human zombie (Tomb:2)
  3 iron imps
  2 mummies
  2 briar patches (Swamp:1)
  A bush (Abyss:1)
  14 fungi
  2 lurking horrors (Abyss:2)
  22 plants
  27 starspawn tentacles
  27 tentacles
180 creatures vanquished.

Grand Total: 5804 creatures vanquished

Notes
Turn   | Place    | Note
-------+----------+-------------------------------------------
     0 | D:1      | xccam the Gargoyle Berserker began the quest for the Orb.
     0 | D:1      | Reached XP level 1. HP: 14/14 MP: 1/1
   458 | D:1      | Reached XP level 2. HP: 18/19 MP: 2/2
  1164 | D:1      | Reached XP level 3. HP: 22/23 MP: 3/3
  1600 | D:2      | Reached XP level 4. HP: 28/28 MP: 4/4
  1605 | D:2      | Reached skill level 5 in Maces & Flails
  1614 | D:2      | Reached ** piety under Trog
  2040 | D:3      | Found a transporter.
  2051 | D:3      | Found a faded altar of an unknown god.
  2057 | D:3      | Reached XP level 5. HP: 32/32 MP: 5/5
  2678 | D:3      | Found a transporter.
  2879 | D:3      | Found an ancient bone altar of Kikubaaqudgha.
  2880 | D:3      | Noticed a human
  2882 | D:3      | Killed a human
  3019 | D:4      | Noticed an ogre
  3029 | D:4      | Killed an ogre
  3029 | D:4      | Reached XP level 6. HP: 22/37 MP: 6/6
  3038 | D:4      | Noticed a phantom
  3060 | D:4      | Killed a phantom
  3344 | D:4      | Found a burning altar of Makhleb.
  3381 | D:4      | Found a stormy altar of Qazlal.
  3620 | D:5      | Entered Level 5 of the Dungeon
  3686 | D:5      | Noticed an ice beast
  3697 | D:5      | Killed an ice beast
  3697 | D:5      | Reached XP level 7. HP: 41/41 MP: 7/7
  3711 | D:5      | Found a staircase to the Ecumenical Temple.
  3711 | D:5      | Noticed Sigmund
  3723 | D:5      | Killed Sigmund
  3785 | D:5      | Noticed Duvessa
  3786 | D:5      | Noticed Dowan
  3807 | D:5      | Killed Duvessa
  3809 | D:5      | Killed Dowan
  3926 | D:5      | Reached XP level 8. HP: 46/46 MP: 8/8
  4017 | D:5      | Found an iron altar of Okawaru.
  4077 | D:5      | Found a runed door.
  4081 | D:5      | Noticed Crazy Yiuf
  4088 | D:5      | Killed Crazy Yiuf
  4159 | D:5      | Found a sacrificial altar of Ru.
  4210 | D:5      | Reached skill level 10 in Maces & Flails
  4406 | D:5      | Reached *** piety under Trog
  4544 | D:5      | Reached XP level 9. HP: 51/51 MP: 9/9
  5385 | D:6      | Found a deep blue altar of Sif Muna.
  5395 | D:6      | Found an ancient bone altar of Kikubaaqudgha.
  5426 | D:6      | Found a radiant altar of Vehumet.
  5594 | D:7      | Gained mutation: Your body sometimes deteriorates upon taking damage. [potion of mutation]
  5594 | D:7      | Gained mutation: You evolve. [potion of mutation]
  5594 | D:7      | Gained mutation: You have sharp toenails. [potion of mutation]
  5595 | D:7      | Lost mutation: You have sharp toenails. [potion of mutation]
  5595 | D:7      | Lost mutation: Your body sometimes deteriorates upon taking damage. [potion of mutation]
  5595 | D:7      | Gained mutation: You are robust. (+10% HP) [potion of mutation]
  5595 | D:7      | Gained mutation: Your body sometimes deteriorates upon taking damage. [potion of mutation]
  5595 | D:7      | Gained mutation: Your spells are a little harder to cast, but a little more powerful. [potion of mutation]
  5596 | D:7      | Lost mutation: Your spells are a little harder to cast, but a little more powerful. [potion of mutation]
  5596 | D:7      | Lost mutation: Your body sometimes deteriorates upon taking damage. [potion of mutation]
  5596 | D:7      | Lost mutation: You evolve. [potion of mutation]
  5596 | D:7      | Lost mutation: You are robust. (+10% HP) [potion of mutation]
  5596 | D:7      | Gained mutation: You have sharp toenails. [potion of mutation]
  5596 | D:7      | Gained mutation: You are robust. (+10% HP) [potion of mutation]
  5596 | D:7      | Gained mutation: You can translocate small distances at will. [potion of mutation]
  5596 | D:7      | Gained mutation: You are very robust. (+20% HP) [potion of mutation]
  5713 | D:7      | Noticed Pikel
  5740 | D:7      | Killed Pikel
  5758 | D:7      | Reached skill level 5 in Fighting
  5861 | D:7      | Found Zeweusak's Antique Armour Boutique.
  5864 | D:7      | Bought a runed shield for 270 gold pieces
  5871 | D:7      | Reached **** piety under Trog
  5898 | D:7      | Found a bloodstained altar of Trog.
  5905 | D:7      | Reached skill level 1 in Shields
  5905 | D:7      | Reached XP level 10. HP: 70/70 MP: 0/10
  6296 | D:8      | Noticed ceb's ghost (novice HOFi)
  6380 | D:8      | Reached skill level 5 in Armour
  6457 | D:8      | Killed ceb's ghost
  6529 | D:8      | Found Cucsuept's Gadget Shoppe.
  6610 | D:8      | Noticed Erica
  6625 | D:8      | Killed Erica
  6625 | D:8      | Reached skill level 5 in Shields
  7324 | D:9      | Noticed Prince Ribbit
  7404 | D:9      | Noticed a two-headed hydra
  7413 | D:9      | Killed a two-headed hydra
  7413 | D:9      | Reached XP level 11. HP: 31/80 MP: 11/11
  7795 | D:9      | Found a staircase to the Lair.
  8103 | D:9      | Found a shadowy altar of Dithmenos.
  8394 | D:9      | Found a shimmering altar of Xom.
  8394 | D:9      | Found a faded altar of an unknown god.
  8399 | D:9      | Found a shattered altar of Ashenzari.
  8401 | D:9      | Found a snail-covered altar of Cheibriados.
  8402 | D:9      | Found a faded altar of an unknown god.
  8427 | D:10     | Entered Level 10 of the Dungeon
  8493 | D:10     | Found an opulent altar of Gozag.
  8565 | D:10     | Reached ***** piety under Trog
  8687 | D:10     | Noticed Harold
  8729 | D:10     | Killed Harold
  9572 | D:11     | Received a gift from Trog
  9886 | D:11     | Found a staircase to the Orcish Mines.
  9897 | D:11     | Noticed a cyclops
  9916 | D:11     | Killed a cyclops
 10015 | D:11     | Noticed a two-headed ogre
 10032 | D:11     | Killed a two-headed ogre
 10232 | D:11     | Reached XP level 12. HP: 52/90 MP: 12/12
 10508 | D:12     | Noticed a seven-headed hydra
 10531 | D:12     | Killed a seven-headed hydra
 10645 | D:12     | Reached skill level 10 in Shields
 10843 | D:12     | Found Hisem's Pet Rocks.
 10886 | D:12     | Noticed a centaur warrior
 10887 | D:12     | Noticed Fannar
 10905 | D:12     | Killed a centaur warrior
 10925 | D:12     | Killed Fannar
 10925 | D:12     | Received a gift from Trog
 10929 | D:12     | Got an iridescent great mace {god gift}
 10930 | D:12     | Identified the +8 great mace "Puareck" {freeze, Str+3 Int+2} (Trog gifted it to you on level 12 of the Dungeon)
 11031 | D:12     | Noticed a two-headed ogre
 11051 | D:12     | Killed a two-headed ogre
 11326 | D:13     | Noticed a centaur warrior
 11339 | D:13     | Killed a centaur warrior
 11339 | D:13     | Reached skill level 15 in Maces & Flails
 11593 | D:13     | Reached XP level 13. HP: 96/96 MP: 13/13
 11731 | Lair:1   | Entered Level 1 of the Lair of Beasts
 11913 | Lair:1   | Found a snail-covered altar of Cheibriados.
 12056 | Lair:1   | Received a gift from Trog
 12747 | Lair:2   | Noticed HedoNNN's ghost (journeyman HOMo)
 12762 | Lair:2   | Killed HedoNNN's ghost
 12920 | Lair:2   | Found a frozen archway.
 12927 | IceCv    | Entered an ice cave
 13117 | IceCv    | Noticed a frost giant
 13126 | IceCv    | Reached skill level 10 in Fighting
 13134 | IceCv    | Killed a frost giant
 13235 | IceCv    | Got a polished hat
 13241 | IceCv    | Identified the cursed +0 hat of Wisdom {rElec rN+} (You found it in an ice cave)
 13534 | Lair:2   | Reached skill level 10 in Armour
 13881 | Lair:3   | Gained mutation: Your large and strong wings let you fly indefinitely. [Gargoyle growth]
 13881 | Lair:3   | Reached XP level 14. HP: 94/105 MP: 14/14
 14225 | Lair:3   | Found a staircase to the Swamp.
 14232 | Lair:3   | Found a hole to the Spider Nest.
 16142 | Lair:5   | Received a gift from Trog
 16421 | Lair:6   | Entered Level 6 of the Lair of Beasts
 16421 | Lair:6   | Found a glowing golden altar of the Shining One.
 16500 | Lair:6   | Reached skill level 5 in Dodging
 16826 | Lair:6   | Noticed an entropy weaver
 16852 | Lair:6   | Killed an entropy weaver
 17034 | Lair:6   | Found a staircase to the Slime Pits.
 17172 | Lair:6   | Noticed a dire elephant
 17188 | Lair:6   | Killed a dire elephant
 17251 | Lair:6   | Noticed an entropy weaver
 17258 | Lair:6   | Killed an entropy weaver
 17375 | Lair:6   | Got a jewelled chain mail
 17383 | Lair:6   | Identified the +1 chain mail of Uskayaw's Condemnation {Regen+ Str+4 Int-2 Dex+3} (You found it on level 6 of the Lair of Beasts)
 17425 | Lair:6   | Reached ****** piety under Trog
 17439 | Lair:6   | Reached XP level 15. HP: 110/115 MP: 15/15
 17555 | Lair:6   | Received a gift from Trog
 18182 | Orc:1    | Entered Level 1 of the Orcish Mines
 18184 | Orc:1    | Paralysed by an orc sorcerer for 6 turns
 18454 | Orc:2    | Entered Level 2 of the Orcish Mines
 18631 | Orc:2    | Found a staircase to the Elven Halls.
 18649 | Orc:2    | Received a gift from Trog
 18652 | Orc:2    | Got a bloodstained eveningstar {god gift}
 18653 | Orc:2    | Identified the +5 eveningstar of Distant Worlds {crush, Fragile +Blink rF++ MR+} (Trog gifted it to you on level 2 of the Orcish Mines)
 18671 | Orc:2    | Found a roughly hewn altar of Beogh.
 18672 | Orc:2    | Noticed Donald
 18699 | Orc:2    | Killed Donald
 18952 | Orc:2    | Found Ibbufum's Magic Scroll Shop.
 18952 | Orc:2    | Found Zofifer's Gadget Shoppe.
 19152 | Orc:2    | Found Ynkosh's Magic Scroll Shop.
 19152 | Orc:2    | Found Manah's Weapon Shoppe.
 19166 | Orc:2    | Bought a scroll of acquirement for 832 gold pieces
 19646 | Swamp:1  | Entered Level 1 of the Swamp
 19876 | Swamp:1  | Noticed Josephine
 19903 | Swamp:1  | Noticed a thorn hunter
 19903 | Swamp:1  | Killed Josephine
 19927 | Swamp:1  | Killed a thorn hunter
 20102 | Swamp:1  | You fall through a shaft!
 20656 | Swamp:2  | Reached XP level 16. HP: 106/124 MP: 16/16
 21175 | Swamp:2  | Got a twitching tin ring
 21176 | Swamp:2  | Identified the ring of Tocumin {rElec rF+ rN+ Str-2 Dex+5} (You found it on level 2 of the Swamp)
 21692 | Swamp:3  | Noticed a thorn hunter
 21698 | Swamp:3  | Killed a thorn hunter
 21724 | Swamp:3  | Received a gift from Trog
 21889 | Swamp:3  | Noticed Mara
 22011 | Swamp:3  | Noticed xccam's illusion
 22245 | Swamp:3  | Noticed xccam's illusion
 22249 | Swamp:3  | Killed Mara
 22324 | Swamp:3  | Noticed Bai Suzhen
 22337 | Swamp:3  | Killed Bai Suzhen
 22348 | Swamp:3  | Noticed Nikola
 22415 | Swamp:3  | Killed Nikola
 22730 | Swamp:4  | Entered Level 4 of the Swamp
 22956 | Swamp:4  | Killed an azure jelly
 23309 | Swamp:4  | Reached XP level 17. HP: 131/134 MP: 17/17
 24071 | Swamp:4  | Got a decaying rune of Zot
 24396 | Spider:1 | Entered Level 1 of the Spider Nest
 24448 | Spider:1 | Received a gift from Trog
 24699 | Spider:1 | Received a gift from Trog
 25029 | Spider:1 | Reached skill level 10 in Dodging
 25423 | Spider:1 | You fall through a shaft!
 25801 | Spider:2 | Reached skill level 15 in Fighting
 26581 | Spider:3 | Received a gift from Trog
 26774 | Spider:3 | Reached skill level 15 in Armour
 26963 | Spider:4 | Entered Level 4 of the Spider Nest
 27493 | Spider:4 | Reached XP level 18. HP: 142/142 MP: 18/18
 27920 | Spider:4 | Received a gift from Trog
 28300 | Spider:4 | Got a gossamer rune of Zot
 28611 | D:14     | Found a gate to the Vaults.
 28633 | D:13     | You fall through a shaft for 2 floors!
 28633 | D:15     | Entered Level 15 of the Dungeon
 29478 | D:15     | Found a staircase to the Depths.
 29822 | D:15     | Found a portal to a secret trove of treasure.
 29901 | D:15     | Noticed halftheisland's ghost (journeyman DrBe)
 29935 | D:15     | Killed halftheisland's ghost
 30005 | D:14     | Received a gift from Trog
 30938 | D:14     | Found a blossoming altar of Fedhas.
 31227 | D:14     | Found Sygiaz's Assorted Antiques.
 31236 | D:14     | Bought a potion of curing for 75 gold pieces
 31236 | D:14     | Bought a potion of heal wounds for 125 gold pieces
 31236 | D:14     | Bought a potion of invisibility for 200 gold pieces
 31613 | Vaults:1 | Entered Level 1 of the Vaults
 31664 | Vaults:1 | Received a gift from Trog
 31749 | Vaults:1 | Reached XP level 19. HP: 125/150 MP: 19/19
 32660 | Vaults:1 | Found Ciwe's Food Boutique.
 32848 | Vaults:2 | Reached skill level 15 in Shields
 32993 | Vaults:2 | Received a gift from Trog
 32997 | Vaults:2 | Cast into level 2 of the Abyss (a wizard)
 33002 | Abyss:2  | Noticed a bone dragon
 33028 | Abyss:2  | Killed a bone dragon
 33264 | Abyss:2  | Found a corrupted altar of Lugonu.
 33489 | Abyss:3  | Found a glowing golden altar of the Shining One.
 33516 | Abyss:3  | Noticed a juggernaut
 33539 | Abyss:3  | Killed a juggernaut
 33575 | Abyss:3  | Gained mutation: You occasionally shout uncontrollably at your foes. [a neqoxec]
 33576 | Abyss:3  | Gained mutation: You tend to lose your temper in combat. [a neqoxec]
 33577 | Abyss:3  | Got an abyssal rune of Zot
 33756 | Abyss:4  | Noticed a lich
 33757 | Abyss:4  | Paralysed by a lich for 3 turns
 33771 | Abyss:4  | Killed a lich
 33821 | Vaults:2 | Escaped the Abyss
 33832 | Vaults:2 | Lost mutation: You are very robust. (+20% HP) [potion of mutation]
 33832 | Vaults:2 | Gained mutation: You often lose your temper in combat. [potion of mutation]
 33832 | Vaults:2 | Gained mutation: You passively map a small area around you. [potion of mutation]
 33832 | Vaults:2 | Gained mutation: You are agile. (Dex +2) [potion of mutation]
 33832 | Vaults:2 | Gained mutation: You are very agile. (Dex +4) [potion of mutation]
 33833 | Vaults:2 | Lost mutation: You have sharp toenails. [potion of mutation]
 33833 | Vaults:2 | Lost mutation: You often lose your temper in combat. [potion of mutation]
 33833 | Vaults:2 | Lost mutation: You are very agile. (Dex +4) [potion of mutation]
 33833 | Vaults:2 | Gained mutation: You have a pair of small antennae on your head. [potion of mutation]
 33833 | Vaults:2 | Lost mutation: You tend to lose your temper in combat. [potion of mutation]
 33833 | Vaults:2 | Lost mutation: You can translocate small distances at will. [potion of mutation]
 33833 | Vaults:2 | Gained mutation: You are partially covered in rugged brown scales. (AC +1, +3% HP) [potion of mutation]
 33834 | Vaults:2 | Lost mutation: You are partially covered in rugged brown scales. (AC +1, +3% HP) [potion of mutation]
 33834 | Vaults:2 | Lost mutation: You frequently scream uncontrollably at your foes. [potion of mutation]
 33834 | Vaults:2 | Lost mutation: You have a pair of small antennae on your head. [potion of mutation]
 33834 | Vaults:2 | Lost mutation: You are agile. (Dex +2) [potion of mutation]
 33834 | Vaults:2 | Gained mutation: Your mind is acute. (Int +2) [potion of mutation]
 33905 | Vaults:2 | Cast into level 2 of the Abyss (a deep elf sorcerer)
 33913 | Abyss:2  | Got a pair of smoking gloves
 33914 | Abyss:2  | Identified the +1 pair of gloves of Repulsion {rElec rC+ Dex+3} (You found it on level 2 of the Abyss)
 33954 | Abyss:2  | Received a gift from Trog
 33966 | Abyss:2  | Reached XP level 20. HP: 147/147 MP: 20/20
 34003 | Vaults:2 | Escaped the Abyss
 34637 | Vaults:2 | Received a gift from Trog
 35161 | Vaults:3 | Received a gift from Trog
 35706 | Vaults:3 | Received a gift from Trog
 35955 | Vaults:3 | Reached XP level 21. HP: 156/156 MP: 21/21
 36002 | Vaults:3 | Got a scorched plate armour
 36003 | Vaults:3 | Identified the +7 plate armour "Jeyptuul" {Str+5} (You found it on level 3 of the Vaults)
 36420 | Vaults:3 | Found a staircase to the Crypt.
 36420 | Vaults:3 | Found an ancient bone altar of Kikubaaqudgha.
 36421 | Vaults:3 | Found a basalt altar of Yredelemnul.
 37127 | Vaults:4 | Got a transparent lead ring
 37135 | Vaults:4 | Identified the ring "Edair" {rPois MR+ Int+3 Dex+4 Stlth+} (You found it on level 4 of the Vaults)
 37543 | Vaults:5 | Entered Level 5 of the Vaults
 37576 | Vaults:4 | Received a gift from Trog
 37665 | Vaults:5 | Noticed a golden dragon
 37847 | Vaults:4 | Killed a golden dragon
 37905 | Vaults:5 | Noticed an ancient lich
 37951 | Vaults:5 | Killed an ancient lich
 38169 | Vaults:5 | Noticed a golden dragon
 38182 | Vaults:5 | Reached XP level 22. HP: 165/165 MP: 22/22
 38213 | Vaults:5 | Killed a golden dragon
 38325 | Vaults:5 | Received a gift from Trog
 39238 | Vaults:5 | Found Tukaifuu's Weapon Boutique.
 39260 | Vaults:5 | Got a silver rune of Zot
 39425 | Vaults:5 | Received a gift from Trog
 40122 | Depths:1 | Entered Level 1 of the Depths
 40384 | Depths:1 | Found Zemmip's Antique Armour Emporium.
 40462 | Depths:1 | Found a one-way gate to the infinite horrors of the Abyss.
 40485 | Depths:1 | Bought a runed hat for 322 gold pieces
 40485 | Depths:1 | Bought the +2 pair of boots of the Assassin {Detection Stab+ Stlth++} for 2760 gold pieces
 40485 | Depths:1 | Found the +2 pair of boots of the Assassin {Detection Stab+ Stlth++}
 40511 | Depths:1 | Found Xuppec's Armour Shoppe.
 40657 | Depths:1 | Reached XP level 23. HP: 74/173 MP: 23/23
 40920 | Depths:1 | Found a gateway to Hell.
 40939 | Depths:1 | Found Murche Ynuwys's Elemental Accessories.
 41457 | Depths:2 | Found a gateway to a ziggurat.
 41481 | Depths:2 | Found an iron altar of Okawaru.
 42089 | Depths:2 | Received a gift from Trog
 42317 | Depths:2 | Found a runed door.
 42318 | Depths:2 | Found a runed door.
 42322 | Depths:2 | Found a runed door.
 42353 | Depths:2 | Noticed a golden dragon
 42353 | Depths:2 | a dire elephant changed into a golden dragon
 42362 | Depths:2 | Noticed a caustic shrike
 42362 | Depths:2 | a golden dragon changed into a caustic shrike
 42365 | Depths:2 | a caustic shrike changed into a shadow dragon
 42375 | Depths:2 | Noticed a caustic shrike
 42375 | Depths:2 | an acid blob changed into a caustic shrike
 42386 | Depths:2 | Killed a caustic shrike
 42572 | Depths:2 | Got a faintly glowing brass ring
 42572 | Depths:2 | Got a twitching steel amulet
 42615 | Depths:2 | Got an ancient marble ring
 42642 | Depths:2 | Got a fine golden amulet
 43177 | Depths:3 | Found a one-way gate leading to the halls of Pandemonium.
 43338 | Depths:3 | Lost mutation: You are robust. (+10% HP) [a cacodemon]
 43457 | Depths:3 | Noticed a golden dragon
 43458 | Depths:3 | Noticed a golden dragon
 43477 | Depths:3 | Killed a golden dragon
 43477 | Depths:3 | Reached skill level 15 in Dodging
 43477 | Depths:3 | Reached XP level 24. HP: 132/166 MP: 23/23
 43841 | Depths:3 | Received a gift from Trog
 44618 | Depths:4 | Identified the ring "Hyoteceh" {rF+ Stlth+} (You took it off a fire giant on level 2 of the Depths)
 44619 | Depths:4 | Identified the amulet "Acvib" {Harm *Drain rPois rF- rN++ Dex+2} (You took it off a spriggan berserker on level 2 of the Depths)
 44621 | Depths:4 | Identified the ring "Ykkurol" {+Fly rPois rN+ Str-2 Int+7} (You took it off a spriggan air mage on level 2 of the Depths)
 44622 | Depths:4 | Identified the amulet of the Scarab {Reflect MR+ SH+5} (You took it off a vampire knight on level 2 of the Depths)
 45783 | Depths:4 | Received a gift from Trog
 45889 | Depths:5 | Entered Level 5 of the Depths
 46212 | Depths:5 | Noticed Boris
 46231 | Depths:5 | Killed Boris
 46288 | Depths:5 | Found a gate to the Realm of Zot.
 46489 | Depths:5 | Reached XP level 25. HP: 175/175 MP: 23/23
 46501 | Zot:1    | Entered Level 1 of the Realm of Zot
 46723 | D:15     | You showed the abyssal rune of Zot to enter a treasure trove
 46724 | Trove    | Entered a treasure trove
 46729 | Trove    | Found the +1 cloak of Starlight {rElec rC+ EV+4 Stlth--}
 46733 | Trove    | Got a pair of jewelled boots
 46739 | Trove    | Identified the cursed +0 pair of boots of the Maze {rPois Str+5} (You found it in a treasure trove)
 47163 | Slime:1  | Entered Level 1 of the Pits of Slime
 47288 | Slime:2  | Gained mutation: Your body sometimes deteriorates upon taking damage. [a shining eye]
 47466 | Slime:3  | Received a gift from Trog
 47989 | Slime:5  | Entered Level 5 of the Pits of Slime
 48015 | Slime:5  | Gained mutation: Armour fits poorly on your strangely shaped body. [a shining eye]
 48020 | Slime:5  | Lost mutation: Your body sometimes deteriorates upon taking damage. [potion of mutation]
 48020 | Slime:5  | Lost mutation: You passively map a small area around you. [potion of mutation]
 48020 | Slime:5  | Lost mutation: Your mind is acute. (Int +2) [potion of mutation]
 48020 | Slime:5  | Gained mutation: You tend to lose your temper in combat. [potion of mutation]
 48020 | Slime:5  | Gained mutation: You have supernaturally acute eyesight. (SInv) [potion of mutation]
 48020 | Slime:5  | Gained mutation: You have a pair of small horns on your head. [potion of mutation]
 48020 | Slime:5  | Lost mutation: You tend to lose your temper in combat. [potion of mutation]
 48021 | Slime:5  | Lost mutation: Armour fits poorly on your strangely shaped body. [potion of mutation]
 48021 | Slime:5  | Lost mutation: You have a pair of small horns on your head. [potion of mutation]
 48021 | Slime:5  | Gained mutation: You are clumsy. (Dex -2) [potion of mutation]
 48021 | Slime:5  | Gained mutation: Your movements are slightly less encumbered by armour. (ER -2) [potion of mutation]
 48021 | Slime:5  | Gained mutation: You have a pair of small horns on your head. [potion of mutation]
 48260 | Slime:5  | Found a viscous altar of Jiyva.
 48261 | Slime:5  | Noticed the Royal Jelly
 48291 | Slime:5  | Killed the Royal Jelly
 48841 | Slime:5  | Got a slimy rune of Zot
 48956 | Slime:5  | Got a smoking bronze ring
 48961 | Slime:5  | Got a serpentine tin ring
 48978 | Slime:5  | Got a scorched brass ring
 48995 | Slime:5  | Got a clouded tin ring
 49004 | Slime:5  | Identified the ring of the Falcon {Str+2 Int+3} (You found it on level 5 of the Pits of Slime)
 49005 | Slime:5  | Identified the ring of Sloth {rCorr rElec MR+} (You found it on level 5 of the Pits of Slime)
 49007 | Slime:5  | Identified the ring of Atack {MR+ Str+2 Dex+4} (You found it on level 5 of the Pits of Slime)
 49008 | Slime:5  | Identified the ring "Esemi" {Ice rPois MR- Str+7 Int+2} (You found it on level 5 of the Pits of Slime)
 49029 | Slime:5  | Got an encrusted plate armour
 49030 | Slime:5  | Identified the cursed +0 plate armour of Disaster {rC- rN+++ Regen+ Dex+3} (You found it on level 5 of the Pits of Slime)
 49052 | Slime:5  | Received a gift from Trog
 49300 | Slime:5  | Gained mutation: Potions are less effective at restoring your health. [a shining eye]
 49306 | Slime:5  | Gained mutation: You are occasionally teleported next to monsters. [a shining eye]
 49634 | Elf:1    | Entered Level 1 of the Elven Halls
 50089 | Elf:1    | Received a gift from Trog
 50438 | Elf:2    | Reached XP level 26. HP: 183/183 MP: 23/23
 50454 | Elf:2    | Received a gift from Trog
 50594 | Elf:2    | Found a runed gate.
 50594 | Elf:2    | Found a runed gate.
 50594 | Elf:2    | Found a runed gate.
 50673 | Elf:2    | Reached skill level 1 in Throwing
 50675 | Elf:2    | Noticed Aizul
 50690 | Elf:2    | Killed Aizul
 51110 | Elf:2    | Received a gift from Trog
 51355 | Elf:2    | Received a gift from Trog
 51497 | Elf:3    | Entered Level 3 of the Elven Halls
 51961 | Elf:3    | Found Esill's Jewellery Shop.
 51961 | Elf:3    | Found Bioxkas's Gadget Shoppe.
 51962 | Elf:3    | Found Finait's Gadget Shoppe.
 52232 | Elf:3    | Received a gift from Trog
 52480 | Elf:3    | Noticed Louise
 52495 | Elf:3    | Killed Louise
 52540 | Elf:3    | Got a slimy ivory amulet
 52541 | Elf:3    | Identified the amulet "Siohamo" {RegenMP rC+ Int+3} (You took it off a deep elf mage on level 3 of the Elven Halls)
 52650 | Elf:3    | Reached skill level 5 in Throwing
 52727 | Elf:3    | Got a crude golden ring
 52734 | Elf:3    | Identified the ring "Ybon" {EV+1 Slay+2} (You found it on level 3 of the Elven Halls)
 52750 | Elf:3    | Lost mutation: You are occasionally teleported next to monsters. [potion of mutation]
 52750 | Elf:3    | Lost mutation: You have supernaturally acute eyesight. (SInv) [potion of mutation]
 52750 | Elf:3    | Gained mutation: You are dopey. (Int -2) [potion of mutation]
 52750 | Elf:3    | Gained mutation: Your spells are a little harder to cast, but a little more powerful. [potion of mutation]
 52750 | Elf:3    | Lost mutation: Your movements are slightly less encumbered by armour. (ER -2) [potion of mutation]
 52750 | Elf:3    | Gained mutation: Your spells are harder to cast, but more powerful. [potion of mutation]
 52773 | Elf:3    | Got a brightly glowing silver ring
 52774 | Elf:3    | Got a heavily runed buckler
 52785 | Elf:3    | Identified the +2 buckler of the Flute {+Inv rPois Regen+} (You took it off a deep elf annihilator on level 3 of the Elven Halls)
 52864 | Elf:3    | Got a wavering tin ring
 52866 | Elf:3    | Identified the cursed ring "Xeenniov" {rElec MR- Str+4 Int+2 Dex-2} (You took it off a deep elf mage on level 3 of the Elven Halls)
 52869 | Elf:3    | Identified the ring of Pemeud {rElec rN+ Dex+7} (You took it off a deep elf annihilator on level 3 of the Elven Halls)
 53447 | Crypt:1  | Entered Level 1 of the Crypt
 53455 | Crypt:1  | Received a gift from Trog
 53835 | Crypt:1  | Received a gift from Trog
 54228 | Crypt:2  | Reached XP level 27. HP: 190/190 MP: 23/23
 54298 | Crypt:2  | Noticed Margery
 54320 | Crypt:2  | Killed Margery
 54320 | Crypt:2  | Received a gift from Trog
 54360 | Crypt:2  | Received a gift from Trog
 54912 | Crypt:3  | Entered Level 3 of the Crypt
 54984 | Crypt:3  | Noticed Sojobo
 55014 | Crypt:2  | Killed Sojobo
 55155 | Crypt:3  | Found a staircase to the Tomb.
 55517 | Crypt:3  | Received a gift from Trog
 55551 | Crypt:3  | Found a basalt altar of Yredelemnul.
 57234 | Zot:1    | Received a gift from Trog
 58434 | Zot:2    | Noticed an orb of fire
 58445 | Zot:2    | Killed an orb of fire
 59209 | Zot:3    | Received a gift from Trog
 60223 | Zot:4    | Received a gift from Trog
 60527 | Zot:4    | Received a gift from Trog
 60916 | Zot:5    | Entered Level 5 of the Realm of Zot
 61309 | Zot:5    | Received a gift from Trog
 61499 | Zot:5    | Noticed an ancient lich
 61512 | Zot:5    | Killed an ancient lich
 62090 | Lair:6   | Fell from the grace of Trog
 62090 | Lair:6   | Became a worshipper of the Shining One
 62654 | Depths:1 | Voluntarily entered the Abyss.
 62679 | Abyss:1  | Reached skill level 1 in Invocations
 62746 | Abyss:2  | Found a snail-covered altar of Cheibriados.
 63046 | Abyss:2  | Reached * piety under the Shining One
 63261 | Abyss:2  | Paralysed by accursed screaming for 1 turns
 63265 | Abyss:2  | Reached ** piety under the Shining One
 63409 | Abyss:2  | Found an iron altar of Okawaru.
 63426 | Abyss:2  | Reached skill level 5 in Invocations
 63507 | Abyss:2  | Reached *** piety under the Shining One
 63511 | Abyss:2  | Reached skill level 1 in Evocations
 63651 | Abyss:2  | Reached **** piety under the Shining One
 63845 | Abyss:2  | Got a pair of warped gloves
 63846 | Abyss:2  | Identified the +0 pair of gloves of Vureakiz {*Slow +Blink Str+2 Int+8} (You found it on level 2 of the Abyss)
 63885 | Abyss:2  | Reached ***** piety under the Shining One
 64531 | Abyss:2  | Gained mutation: You occasionally shout uncontrollably at your foes. [a cacodemon]
 64569 | Abyss:2  | Lost mutation: Your spells are harder to cast, but more powerful. [potion of mutation]
 64569 | Abyss:2  | Lost mutation: You are clumsy. (Dex -2) [potion of mutation]
 64569 | Abyss:2  | Gained mutation: You have a beak for a mouth. [potion of mutation]
 64569 | Abyss:2  | Gained mutation: You have an increased reservoir of magic. (+10% MP) [potion of mutation]
 64593 | Abyss:2  | Reached ****** piety under the Shining One
 64607 | Abyss:2  | Identified a +9 sacred scourge of holy wrath (a +9 demon whip of electrocution blessed by the Shining One)
 64607 | Abyss:2  | Received a gift from the Shining One
 64721 | Depths:1 | Escaped the Abyss
 64763 | Hell     | Entered the Vestibule of Hell
 64763 | Hell     | Noticed Geryon
 64810 | Hell     | Killed Geryon
 64817 | Hell     | Reached skill level 10 in Invocations
 65144 | Hell     | Found a gateway to the Iron City of Dis.
 65237 | Hell     | Found a gateway to the freezing wastes of Cocytus.
 65449 | Hell     | Found a gateway to the decaying netherworld of Tartarus.
 65533 | Hell     | Found a gateway to the ashen valley of Gehenna.
 65612 | Coc:1    | Entered Level 1 of Cocytus
 66809 | Coc:2    | Reached skill level 27 in Fighting
 67186 | Coc:2    | Reached skill level 27 in Armour
 68045 | Coc:3    | Reached skill level 15 in Invocations
 69000 | Coc:4    | Paralysed by Trog for 5 turns
 69715 | Coc:5    | Gained mutation: Your body sometimes deteriorates upon taking damage. [mutagenic glow]
 69755 | Coc:5    | Gained mutation: Potions are poor at restoring your health. [mutagenic glow]
 69823 | Coc:5    | Gained mutation: Your body often deteriorates upon taking damage. [mutagenic glow]
 69895 | Coc:5    | Lost mutation: Your spells are a little harder to cast, but a little more powerful. [mutagenic glow]
 70771 | Coc:6    | Paralysed by Trog for 2 turns
 70938 | Coc:7    | Entered Level 7 of Cocytus
 71323 | Coc:7    | Noticed Antaeus
 71369 | Coc:7    | Killed Antaeus
 71503 | Coc:7    | Identified Qiaqutio's Volume of Noxious Slavery
 71524 | Coc:7    | Learned a level 5 spell: Aura of Abjuration
 71595 | Coc:7    | Reached skill level 1 in Spellcasting
 71595 | Coc:7    | Reached skill level 1 in Summonings
 71748 | Coc:7    | Got a warped plate armour
 71749 | Coc:7    | Identified the +5 plate armour "Itanarut" {rElec MR+ Dex-5} (You found it on level 7 of Cocytus)
 72096 | Coc:7    | Got an icy rune of Zot
 72162 | Coc:7    | Paralysed by Trog for 3 turns
 72380 | Dis:1    | Entered Level 1 of the Iron City of Dis
 72721 | Dis:1    | Reached skill level 5 in Spellcasting
 72728 | Dis:1    | Reached skill level 5 in Summonings
 75129 | Dis:4    | Was forgiven by Trog
 75918 | Dis:7    | Entered Level 7 of the Iron City of Dis
 76210 | Dis:7    | Gained mutation: You are clumsy. (Dex -2) [a cacodemon]
 76682 | Dis:7    | Reached skill level 10 in Summonings
 77232 | Dis:7    | Identified the Collected Works on Conjuration
 77726 | Dis:7    | Noticed Dispater
 77759 | Dis:7    | Killed Dispater
 77872 | Dis:7    | Identified the Guide on Virous Protection
 77877 | Dis:7    | Got an iron rune of Zot
 77947 | Dis:7    | Noticed the Serpent of Hell
 77964 | Dis:7    | Killed the Serpent of Hell
 78062 | Geh:1    | Entered Level 1 of Gehenna
 80356 | Geh:7    | Entered Level 7 of Gehenna
 80370 | Geh:7    | Gained mutation: You are frail. (-10% HP) [mutagenic glow]
 80475 | Geh:7    | Lost mutation: You are clumsy. (Dex -2) [potion of mutation]
 80475 | Geh:7    | Lost mutation: You occasionally shout uncontrollably at your foes. [potion of mutation]
 80475 | Geh:7    | Gained mutation: Armour fits poorly on your strangely shaped body. [potion of mutation]
 80475 | Geh:7    | Gained mutation: You are resistant to hostile enchantments. (MR+) [potion of mutation]
 80476 | Geh:7    | Lost mutation: You are frail. (-10% HP) [potion of mutation]
 80476 | Geh:7    | Lost mutation: Armour fits poorly on your strangely shaped body. [potion of mutation]
 80476 | Geh:7    | Lost mutation: You are dopey. (Int -2) [potion of mutation]
 80476 | Geh:7    | Gained mutation: Your spells are a little harder to cast, but a little more powerful. [potion of mutation]
 80476 | Geh:7    | Gained mutation: You have large cloven feet. [potion of mutation]
 81220 | Geh:7    | Identified Agiucyco's Volume of Combat Magic and the Frostbite
 81224 | Geh:7    | Learned a level 1 spell: Apportation
 81345 | Geh:7    | Reached skill level 15 in Summonings
 81358 | Geh:7    | Noticed Asmodeus
 81382 | Geh:7    | Killed Asmodeus
 81394 | Geh:7    | Got an obsidian rune of Zot
 81571 | Tar:1    | Entered Level 1 of Tartarus
 82643 | Tar:7    | Entered Level 7 of Tartarus
 84380 | Tar:7    | Noticed Ereshkigal
 84419 | Tar:7    | Killed Ereshkigal
 84474 | Tar:7    | Got a bloodstained plate armour
 84481 | Tar:7    | Identified the Compendium of Glacial Weightlessness
 84485 | Tar:7    | Got a bone rune of Zot
 84542 | Tar:7    | Identified the +1 plate armour "Laptekih" {+Fly rElec Int-2} (You found it on level 7 of Tartarus)
 84800 | Pan      | Entered Pandemonium
 85140 | Pan      | Noticed Fiafuas the pandemonium lord
 85155 | Pan      | Killed Fiafuas the pandemonium lord
 85411 | Pan      | Entered the realm of Gloorx Vloq.
 85460 | Pan      | Reached skill level 1 in Translocations
 85519 | Pan      | Noticed Gloorx Vloq
 85530 | Pan      | Killed Gloorx Vloq
 85541 | Pan      | Got a dark rune of Zot
 85892 | Pan      | Entered the realm of Mnoleg.
 85893 | Pan      | Gained mutation: Potions cannot restore your health. [a neqoxec]
 85900 | Pan      | Paralysed by a floating eye for 4 turns
 85919 | Pan      | Paralysed by a floating eye for 3 turns
 85931 | Pan      | Paralysed by a floating eye for 2 turns
 85963 | Pan      | Noticed Mnoleg
 85970 | Pan      | Reached skill level 5 in Translocations
 85973 | Pan      | Killed Mnoleg
 85990 | Pan      | Gained mutation: You expend magic power (3 MP) to strengthen your wands. [a neqoxec]
 85991 | Pan      | Gained mutation: Armour fits poorly on your strangely shaped body. [a neqoxec]
 85995 | Pan      | Got a glowing rune of Zot
 86093 | Pan      | Gained mutation: Scrolls take you a little longer to read. [a cacodemon]
 86096 | Pan      | Gained mutation: You are frail. (-10% HP) [a neqoxec]
 86158 | Pan      | Lost mutation: You expend magic power (3 MP) to strengthen your wands. [a neqoxec]
 86200 | Pan      | Entered the realm of Lom Lobon.
 86414 | Pan      | Noticed Lom Lobon
 86444 | Pan      | Killed Lom Lobon
 86449 | Pan      | Got a magical rune of Zot
 86586 | Pan      | Gained mutation: Scrolls take you longer to read. [a neqoxec]
 86777 | Pan      | Noticed Lunenn the pandemonium lord
 86790 | Pan      | Killed Lunenn the pandemonium lord
 86826 | Pan      | Lost mutation: Scrolls take you longer to read. [potion of mutation]
 86826 | Pan      | Lost mutation: Scrolls take you a little longer to read. [potion of mutation]
 86826 | Pan      | Gained mutation: Your natural rate of healing is unusually fast. [potion of mutation]
 86827 | Pan      | Lost mutation: You have a pair of small horns on your head. [potion of mutation]
 86827 | Pan      | Lost mutation: Your body often deteriorates upon taking damage. [potion of mutation]
 86827 | Pan      | Lost mutation: Your body sometimes deteriorates upon taking damage. [potion of mutation]
 86827 | Pan      | Lost mutation: Your spells are a little harder to cast, but a little more powerful. [potion of mutation]
 86827 | Pan      | Lost mutation: Your natural rate of healing is unusually fast. [potion of mutation]
 86827 | Pan      | Gained mutation: You are partially covered in iridescent scales. (AC +2) [potion of mutation]
 86827 | Pan      | Gained mutation: You are somewhat resistant to further mutation. [potion of mutation]
 86894 | Pan      | Reached skill level 10 in Translocations
 86896 | Pan      | Gained mutation: Scrolls take you a little longer to read. [a cacodemon]
 86903 | Pan      | Found a huge runed gate.
 87223 | Pan      | Found an exit through the horrors of the Abyss.
 87278 | Pan      | Entered the realm of Cerebov.
 87337 | Pan      | Noticed Cerebov
 87356 | Pan      | Killed Cerebov
 87356 | Pan      | Reached skill level 27 in Invocations
 87456 | Pan      | Got a fiery rune of Zot
 87713 | Pan      | Noticed Rysikkoa the pandemonium lord
 87730 | Pan      | Killed Rysikkoa the pandemonium lord
 87877 | Pan      | Noticed Xasy the pandemonium lord
 87891 | Pan      | Killed Xasy the pandemonium lord
 87961 | Pan      | Reached skill level 15 in Translocations
 88238 | Pan      | Found an exit through the horrors of the Abyss.
 88772 | Pan      | Noticed Tostraac the pandemonium lord
 88796 | Pan      | Killed Tostraac the pandemonium lord
 89007 | Pan      | Found an exit through the horrors of the Abyss.
 89429 | Pan      | Found an exit through the horrors of the Abyss.
 89483 | Pan      | Got a demonic rune of Zot
 89529 | Pan      | Noticed Ywkeheta the pandemonium lord
 89537 | Pan      | Killed Ywkeheta the pandemonium lord
 89633 | Pan      | Took an exit into the Abyss.
 89633 | Abyss:1  | Escaped into the Abyss
 89633 | Abyss:1  | Found a corrupted altar of Lugonu.
 89666 | Abyss:1  | Paralysed by accursed screaming for 2 turns
 89777 | Depths:4 | Escaped the Abyss
 90160 | Tomb:1   | Entered Level 1 of the Tomb of the Ancients
 90709 | Tomb:1   | Noticed an ancient lich
 90710 | Tomb:1   | Noticed a greater mummy
 90722 | Tomb:1   | Killed an ancient lich
 90731 | Tomb:1   | Noticed a greater mummy
 90731 | Tomb:1   | Killed a greater mummy
 90750 | Tomb:1   | Killed a greater mummy
 91337 | Tomb:2   | Noticed a greater mummy
 91341 | Tomb:2   | Noticed a greater mummy
 91344 | Tomb:2   | Noticed a greater mummy
 91347 | Tomb:2   | Noticed an ancient lich
 91347 | Tomb:2   | Killed a greater mummy
 91353 | Tomb:2   | Killed a greater mummy
 91355 | Tomb:2   | Killed a greater mummy
 91357 | Tomb:2   | Killed an ancient lich
 91862 | Tomb:1   | Noticed a greater mummy
 91864 | Tomb:1   | Noticed a greater mummy
 91869 | Tomb:1   | Noticed a greater mummy
 91871 | Tomb:1   | Killed a greater mummy
 91876 | Tomb:1   | Noticed a greater mummy
 91884 | Tomb:1   | Killed a greater mummy
 91889 | Tomb:1   | Killed a greater mummy
 91889 | Tomb:1   | Killed a greater mummy
 92014 | Tomb:1   | Noticed a greater mummy
 92014 | Tomb:1   | Noticed a greater mummy
 92045 | Tomb:1   | Killed a greater mummy
 92047 | Tomb:1   | Killed a greater mummy
 92258 | Tomb:1   | Noticed a greater mummy
 92268 | Tomb:1   | Killed a greater mummy
 92285 | Tomb:1   | Noticed a greater mummy
 92310 | Tomb:1   | Killed a greater mummy
 92332 | Tomb:1   | Noticed a greater mummy
 92344 | Tomb:1   | Killed a greater mummy
 92357 | Tomb:1   | Noticed a greater mummy
 92358 | Tomb:1   | Noticed a greater mummy
 92363 | Tomb:1   | Noticed a greater mummy
 92411 | Tomb:1   | Killed a greater mummy
 92411 | Tomb:1   | Killed a greater mummy
 92413 | Tomb:1   | Killed a greater mummy
 92762 | Tomb:3   | Entered Level 3 of the Tomb of the Ancients
 92773 | Tomb:3   | Noticed a greater mummy
 92775 | Tomb:3   | Noticed a greater mummy
 92775 | Tomb:3   | Noticed a greater mummy
 92775 | Tomb:3   | Noticed a greater mummy
 92776 | Tomb:3   | Noticed Khufu
 92777 | Tomb:3   | Killed a greater mummy
 92787 | Tomb:3   | Noticed a greater mummy
 92787 | Tomb:3   | Killed a greater mummy
 92790 | Tomb:3   | Killed Khufu
 92795 | Tomb:3   | Noticed a greater mummy
 92796 | Tomb:3   | Killed a greater mummy
 92798 | Tomb:3   | Killed a greater mummy
 92803 | Tomb:3   | Killed a greater mummy
 92812 | Tomb:3   | Killed a greater mummy
 92975 | Tomb:3   | Noticed a greater mummy
 92986 | Tomb:3   | Killed a greater mummy
 92994 | Tomb:3   | Identified Boxigiro's Volume of Clay
 93038 | Tomb:3   | Noticed a greater mummy
 93056 | Tomb:3   | Killed a greater mummy
 93081 | Tomb:3   | Noticed Boris
 93083 | Tomb:3   | Noticed a greater mummy
 93089 | Tomb:3   | Killed Boris
 93093 | Tomb:3   | Killed a greater mummy
 93112 | Tomb:3   | Noticed a greater mummy
 93128 | Tomb:3   | Killed a greater mummy
 93328 | Tomb:3   | Got a golden rune of Zot
 93340 | Tomb:3   | Noticed a greater mummy
 93350 | Tomb:3   | Killed a greater mummy
 94033 | Zot:5    | Noticed an orb of fire
 94046 | Zot:5    | Gained mutation: You are occasionally teleported next to monsters. [an orb of fire]
 94056 | Zot:5    | Killed an orb of fire
 94099 | Zot:5    | Noticed an orb of fire
 94117 | Zot:5    | Lost mutation: You have an increased reservoir of magic. (+10% MP) [an orb of fire]
 94118 | Zot:5    | Killed an orb of fire
 94120 | Zot:5    | Noticed an ancient lich
 94126 | Zot:5    | Noticed an orb of fire
 94128 | Zot:5    | Killed an ancient lich
 94146 | Zot:5    | Killed an orb of fire
 94328 | Zot:5    | Noticed an orb of fire
 94346 | Zot:5    | Gained mutation: Scrolls take you longer to read. [an orb of fire]
 94351 | Zot:5    | Killed an orb of fire
 94552 | Zot:5    | Reached skill level 27 in Dodging
 94576 | Zot:5    | Got the Orb of Zot
 95299 | D:$      | Escaped with the Orb!

Skill      XL: |  1  2  3  4  5  6  7  8  9 10 11 12 13 14 15 16 17 18 19 20 21 22 23 24 25 26 27 |
---------------+----------------------------------------------------------------------------------+-----
Maces & Flails | 4 5 6 7 9 11 12 13 15 16 17 18 | 18.1
Armour         | 4 6 8 9 10 11 12 14 15 16 17 18 19 20 21 22 23 24 27 | 27.0
Fighting       | 5 7 8 9 10 11 13 14 15 16 17 18 19 20 21 22 23 24 27 | 27.0
Shields        | 1 6 9 10 12 14 15 17 18 25 | 25.1
Dodging        | 4 6 7 9 10 11 12 13 15 16 17 27 | 27.0
Throwing       | 6 8 |  8.8
Invocations    | 27 | 27.0
Evocations     | 1 |  1.6
Spellcasting   | 8 |  8.9
Summonings     | 19 | 19.6
Translocations | 19 | 19.9

Action                   |  1- 3 |  4- 6 |  7- 9 | 10-12 | 13-15 | 16-18 | 19-21 | 22-24 | 25-27 || total
-------------------------+-------+-------+-------+-------+-------+-------+-------+-------+-------++-------
Melee: Mace              |   118 |   134 |   246 |     9 |       |       |       |       |       ||   507
       Whip              |       |       |    25 |   747 |       |       |       |       |       ||   772
       Kick              |       |       |    18 |   338 |   350 |   579 |   225 |       |       ||  1510
       Great mace        |       |       |       |    92 |  1061 |   435 |       |       |       ||  1588
       Demon whip        |       |       |       |       |       |  1115 |  1796 |  1940 |  3291 ||  8142
       Headbutt          |       |       |       |       |       |       |       |       |  3831 ||  3831
       Sacred scourge    |       |       |       |       |       |       |       |       |  8581 ||  8581
       Peck              |       |       |       |       |       |       |       |       |  3089 ||  3089
       Eveningstar       |       |       |       |       |       |       |       |       |   523 ||   523
 Cast: Aura of Abjuratio |       |       |       |       |       |       |       |       |     7 ||     7
       Apportation       |       |       |       |       |       |       |       |       |     1 ||     1
Invok: Berserk           |     1 |     1 |     4 |     3 |     5 |     9 |     3 |     7 |     4 ||    37
       Trog's Hand       |       |       |     2 |     2 |     4 |     6 |    14 |    16 |    20 ||    64
       Burn Spellbooks   |       |       |     2 |     4 |     3 |     3 |     6 |     7 |     5 ||    30
       Brothers in Arms  |       |       |       |       |       |     1 |       |       |     1 ||     2
       Cleansing Flame   |       |       |       |       |       |       |       |       |   131 ||   131
       Divine Shield     |       |       |       |       |       |       |       |       |    29 ||    29
       Summon Divine War |       |       |       |       |       |       |       |       |    14 ||    14
       Brand Weapon With |       |       |       |       |       |       |       |       |     1 ||     1
 Abil: Fly               |       |       |       |       |       |       |       |       |     2 ||     2
       Stop Flying       |       |       |       |       |       |       |       |       |     1 ||     1
Evoke: Wand              |       |       |       |       |       |     4 |       |     7 |     2 ||    13
  Use: Scroll            |       |     8 |     4 |     5 |     9 |    13 |     9 |     8 |    27 ||    83
       Potion            |       |       |    10 |     3 |     4 |       |     3 |     5 |    27 ||    52
 Stab: Sleeping          |       |     1 |       |       |       |       |       |       |       ||     1
       Petrified         |       |       |       |       |       |     1 |       |       |       ||     1
       Confused          |       |       |       |       |       |       |       |       |     4 ||     4
  Eat: Chunk             |     2 |     5 |    11 |    34 |    25 |    15 |    19 |    21 |    44 ||   176
       Ration            |       |     1 |       |     2 |     1 |    10 |     3 |     6 |    49 ||    72
Armor: Animal skin       |    43 |    25 |       |       |       |       |       |       |       ||    68
       Ring mail         |       |    21 |   124 |    96 |       |       |       |       |       ||   241
       Chain mail        |       |       |       |   153 |   194 |       |       |       |       ||   347
       Plate armour      |       |       |       |       |   677 |   712 |   103 |   538 |   441 ||  2471
       Crystal plate arm |       |       |       |       |       |     9 |   325 |       |       ||   334
       Gold dragon scale |       |       |       |       |       |       |       |       |  1382 ||  1382
Dodge: Dodged            |    92 |    67 |   102 |   156 |   546 |   475 |   254 |   560 |  2826 ||  5078
Block: Shield            |       |       |     1 |   243 |       |       |       |       |       ||   244
       Other             |       |       |       |       |       |    13 |       |       |       ||    13
       Large shield      |       |       |       |       |       |  1126 |  1655 |  2130 | 11630 || 16541
       Reflection        |       |       |       |       |       |    33 |   104 |    73 |   233 ||   443
